 Dungeon Sprint DCSS version 0.27-a0-695-gb4952372f7 (webtiles) character file.

Game seed: 1265373901562600124

700 mhtbhm the Cleaver (level 7, -6/69 HPs)
             Began as a Minotaur Fighter on Mar 22, 2021.
             Was an Initiate of Gozag.
             Mangled by a phantasmal warrior (30 damage)
             ... in the Dungeon (Sprint VII: "The Pits").
             The game lasted 00:02:20 (642 turns).

mhtbhm the Cleaver (Minotaur Fighter)                Turns: 642, Time: 00:02:22

Health: -6/69      AC: 11    Str: 23    XL:     7   Next: 38%
Magic:  6/6        EV: 11    Int:  5    God:    Gozag
Gold:   1809       SH: 11    Dex:  9    Spells: 6/6 levels left

rFire    . . .     SeeInvis .   a - +2 hand axe (vorpal)
rCold    . . .     Faith    .   c - +0 kite shield
rNeg     . . .     Spirit   .   b - +3 ring mail
rPois    .         Reflect  .   (helmet restricted)
rElec    .         Harm     .   n - +0 cloak
rCorr    .         Rampage  .   (no gloves)
Will     .....     NoTele   +   (no boots)
Stlth    ..........             (no amulet)
HPRegen  0.21/turn              (no ring)
MPRegen  0.10/turn              (no ring)

@: gold aura, slowed, very slow
A: horns 2, retaliatory headbutt
a: Renounce Religion, Potion Petition, Call Merchant, Bribe Branch


You were in the Dungeon.
You worshipped Gozag.
Gozag was most pleased with you.
You visited 1 branch You collected 1809 gold pieces.

Inventory:

Hand Weapons
 a - a +2 vorpal hand axe (weapon)
Armour
 b - a +3 ring mail (worn)
 c - a +0 kite shield (worn)
 n - a +0 cloak (worn)
Scrolls
 j - a scroll of blinking
 l - 5 scrolls of amnesia
 m - a scroll of summoning
Potions
 d - a potion of might
 e - 2 potions of curing
 f - 6 potions of heal wounds
 g - a potion of haste
 h - 4 potions of magic
 i - 3 potions of berserk rage
 k - 3 potions of invisibility


   Skills:
 + Level 8.7 Fighting
 + Level 11.8 Axes
 + Level 8.0 Armour
 + Level 5.7 Dodging
 + Level 9.7 Shields


You had 6 spell levels left.
You didn't know any spells.
Your spell library was empty.

Dungeon Overview and Level Annotations

Branches:
Dungeon (1/1)

Altars:
Ashenzari
Cheibriados
Dithmenos
Elyvilon
Fedhas
Gozag
Hepliaklqana
Kikubaaqudgha
Makhleb
Nemelex Xobeh
Okawaru
Qazlal
Ru
Sif Muna
Trog
Uskayaw
Vehumet
Wu Jian
Xom
Yredelemnul
Zin
The Shining One
Beogh
Jiyva
Lugonu


Innate Abilities, Weirdness & Mutations

You have a pair of horns on your head.
You reflexively headbutt those who attack you in melee.


Message History

The phantasmal warrior hits you!! The phantasmal warrior hits you!
The phantasmal warrior hits you.
You can move again.
Unknown command.
You hit the floating eye.
The floating eye is moderately wounded.
You hit the phantasmal warrior but do no damage.
You block the phantasmal warrior's attack.
The phantasmal warrior closely misses you.
You furiously retaliate!
You headbutt the phantasmal warrior! You hit the floating eye.
The floating eye is heavily wounded.
You hit the phantasmal warrior.
You block the phantasmal warrior's attack.
Unknown command.
You barely miss the floating eye.
The floating eye is heavily wounded.
You barely miss the phantasmal warrior. The phantasmal warrior misses you.
You furiously retaliate!
You headbutt the phantasmal warrior! You slash the floating eye!
You kill the floating eye!
You hit the phantasmal warrior but do no damage.
The phantasmal warrior hits you.
Your Armour skill increases to level 8!
Unknown command.
You hit the phantasmal warrior.
The phantasmal warrior is heavily damaged.
You hit the bog body. The phantasmal warrior hits you!
You block the bog body's attack.
The phantasmal warrior becomes distracted by the nearby gold, dreaming of imaginary riches.
You hit the phantasmal warrior.
The phantasmal warrior is no longer distracted by gold.
The phantasmal warrior is severely damaged.
You closely miss the bog body.
The bog body points at you and mumbles some strange words.
You feel as though you will be slow longer.
The phantasmal warrior hits you!!
You die...
Your body crumbles into a pile of gold.

#.#.....#'###...<...#
#.#........##.......#
#)#........##.......#
#)###########.......#
#.......#..##########
#)......#.# ###
#...#...#)# ...#
#..###..#W#....#
#...#...#@n....+
#.......#'#....#
#.......[.# ...#
########### ###


You could see a phantasmal warrior and a bog body.

Vanquished Creatures
  A troll (D)
  A water moccasin (D)
  A floating eye (D)
  An ice beast (D)
  An ogre (D)
  Crazy Yiuf (D)
  Jessica (D)
  An orc wizard (D)
  An ufetubus (D)
  3 oozes (D)
  A worm (D)
  3 orcs (D)
  A bat (D)
  A giant cockroach (D)
  2 goblins (D)
  2 hobgoblins (D)
  4 jackals (D)
  2 quokkas (D)
28 creatures vanquished.

Notes
Turn   | Place    | Note
-------+----------+-------------------------------------------
     0 | D        | mhtbhm the Minotaur Fighter began the quest for the Orb.
     0 | D        | Reached XP level 1. HP: 19/19 MP: 0/0
    20 | D        | Found a bloodstained altar of Trog.
    20 | D        | Found a shimmering blue altar of Sif Muna.
    20 | D        | Found a viscous altar of Jiyva.
    20 | D        | Found a hazy altar of Hepliaklqana.
    20 | D        | Found an opulent altar of Gozag.
    21 | D        | Found a glowing golden altar of the Shining One.
    21 | D        | Found a glowing silver altar of Zin.
    21 | D        | Found a basalt altar of Yredelemnul.
    21 | D        | Found a shimmering altar of Xom.
    21 | D        | Found an ornate altar of the Wu Jian Council.
    21 | D        | Found a sacrificial altar of Ru.
    21 | D        | Found a stormy altar of Qazlal.
    21 | D        | Found an iron altar of Okawaru.
    21 | D        | Found a sparkling altar of Nemelex Xobeh.
    21 | D        | Found a burning altar of Makhleb.
    21 | D        | Found a blossoming altar of Fedhas.
    21 | D        | Found a white marble altar of Elyvilon.
    21 | D        | Found a shadowy altar of Dithmenos.
    21 | D        | Found a snail-covered altar of Cheibriados.
    23 | D        | Found a radiant altar of Vehumet.
    23 | D        | Found a corrupted altar of Lugonu.
    25 | D        | Found an ancient bone altar of Kikubaaqudgha.
    25 | D        | Found a hide-covered altar of Uskayaw.
    25 | D        | Found a broken altar of Ashenzari.
    30 | D        | Became a worshipper of Gozag Ym Sagoz the Greedy
    94 | D        | Reached XP level 2. HP: 28/28 MP: 1/1
   120 | D        | Reached skill level 3 in Axes
   123 | D        | Reached skill level 5 in Fighting
   123 | D        | Reached skill level 5 in Armour
   123 | D        | Reached skill level 5 in Shields
   194 | D        | Noticed a water moccasin
   202 | D        | Reached XP level 3. HP: 26/36 MP: 2/2
   204 | D        | Reached skill level 4 in Axes
   217 | D        | Killed a water moccasin
   218 | D        | Reached skill level 7 in Axes
   218 | D        | Reached XP level 4. HP: 9/45 MP: 3/3
   218 | D        | Reached XP level 5. HP: 10/51 MP: 4/4
   419 | D        | Noticed Jessica
   420 | D        | Killed Jessica
   421 | D        | Reached skill level 8 in Axes
   426 | D        | Noticed a troll
   432 | D        | Killed a troll
   433 | D        | Reached skill level 10 in Axes
   433 | D        | Reached XP level 6. HP: 40/61 MP: 5/5
   538 | D        | Noticed Crazy Yiuf
   538 | D        | Noticed an ice beast
   545 | D        | Killed an ice beast
   546 | D        | Reached skill level 11 in Axes
   546 | D        | Reached skill level 5 in Dodging
   551 | D        | Reached XP level 7. HP: 64/69 MP: 6/6
   553 | D        | Killed Crazy Yiuf
   632 | D        | Noticed a bog body
   632 | D        | Noticed a phantasmal warrior
   633 | D        | Paralysed by a floating eye for 4 turns
   642 | D        | Mangled by a phantasmal warrior

Illustrated notes

Levels and vault maps discovered:
D:        pitsprint [storerooms_1, entrance_room_1, metal_vault_3, armoury_1,
          mini_pit_1, grid_room_1, main_hall_1, silver_pit, the_coven_1,
          the_vestibule_1, steel_vault_5, golden_pit, hallway_of_sentries,
          crystal_vault_4, iron_vault_4, final_vault]

Skill      XL: |  1  2  3  4  5  6  7 |
---------------+----------------------+-----
Fighting       | 4 5 6 7 8 |  8.7
Armour         | 4 5 6 7 8 |  8.0
Shields        | 4 5 6 8 9 |  9.7
Axes           | 3 7 10 11 | 11.8
Dodging        | 2 4 5 |  5.7

Action                   |  1- 3 |  4- 6 |  7- 9 || total
-------------------------+-------+-------+-------++-------
Melee: Hand axe          |    30 |    29 |    10 ||    69
       War axe           |     3 |       |       ||     3
       Headbutt          |     2 |     5 |       ||     7
  Use: Potion            |     2 |     2 |       ||     4
Armor: Scale mail        |     6 |       |       ||     6
       Ring mail         |    14 |     4 |       ||    18
Dodge: Dodged            |    19 |     4 |     2 ||    25
Block: Kite shield       |    23 |    15 |     4 ||    42

Table legend: (Time is in decaauts)
 A = Elapsed time spent in this place.
 B = Non-inter-level travel time spent in this place.
 C = Inter-level travel time spent in this place.
 D = Time resting spent in this place.
 E = Time spent auto-exploring this place.
 F = Levels seen in this place.
 G = Mean time per level.
                   A        B        C        D        E       F      G
               +--------+--------+--------+--------+--------+-----+--------+
         Total |    655 |    655 |      0 |    321 |     32 |   1 |  655.0 |
       Dungeon |    655 |    655 |      0 |    321 |     32 |   1 |  655.0 |
               +--------+--------+--------+--------+--------+-----+--------+

Top non-repeatable levels by time:
       D: 655 daAuts
